[Event "*** Titled Tuesday Blitz"]
[Site "Chess.com"]
[Date "2019.07.02"]
[Round "8"]
[White "pedromartinez91"]
[Black "m3alam"]
[Result "1-0"]
[WhiteElo "2439"]
[BlackElo "2361"]
[TimeControl "180+2"]
[EndTime "14:50:00 PDT"]
[Termination "pedromartinez91 won by resignation"]

1. e4 c6 2. c4 d5 3. cxd5 cxd5 4. exd5 Nf6 5. Qa4+ Nbd7 6. Nc3 g6 7. Bc4 Bg7 8.
d3 O-O 9. Nf3 Nb6 10. Qb3 Bg4 11. Be3 Bxf3 12. gxf3 Rc8 13. a4 Qd6 14. a5 Nxc4 15.
dxc4 e6 16. Ne4 Qa6 17. Nc5 Qd6 18. Nxb7 Qc7 19. d6 Qc6 20. a6 Qxf3 21. Rg1 Ne4 22. d7 Rb8 23. Rg3 Qh1+ 24. Ke2 Qxa1 25. Bxa7 Qxa6 26.
Bxb8 Rxb8 27. d8=Q+ Rxd8 28. Nxd8 Nxg3+ 29. hxg3 Qd6 30. Nb7 Qe5+ 31. Kd3 Qxb2 32. Qxb2 Bxb2 33. c5 Kf8 34.
Kc2 Bd4 35. f3 Ke8 36. Kd3 Bf2 37. g4 h5 38. gxh5 gxh5 39. c6 h4 40. Ke2 Bb6 41.
f4 h3 42. Kf3 h2 43. Kg2 Bc7 44. Kxh2 Bxf4+ 45. Kg2 Ke7 46. Kf3 Bc7 47. Ke4 f5+ 48.
Kd4 Kf6 49. Nc5 e5+ 50. Kd5 f4 51. Na6 Bb6 52. Ke4 Ke6 53. Nb4 Kd6 54. Nd5 Bd4 55.
c7 Kd7 56. Kd3 Kc8 57. Kc4 f3 58. Kb5 f2 59. Kc6 Bc5 60. Kxc5 f1=Q 61. Kd6 Qf8+ 62. Kc6 Qe8+ 63. Kd6 e4 64. Nf6 Qd7+ 65. Nxd7 e3 66. Nb6+ Kb7 67. c8=Q+ Kxb6 68. Qe6 1-0

[Event "*** Titled Tuesday Blitz"]
[Site "Chess.com"]
[Date "2019.07.02"]
[Round "8"]
[White "SanchezKelvin"]
[Black "darsen_sanzhaev"]
[Result "0-1"]
[WhiteElo "2416"]
[BlackElo "2626"]
[TimeControl "180+2"]
[EndTime "14:50:00 PDT"]
[Termination "darsen_sanzhaev won by resignation"]

1. d4 Nf6 2. c4 e6 3. Nf3 d5 4. Nc3 c6 5. Bg5 dxc4 6. e4 b5 7. e5 h6 8. Bh4 g5 9. exf6 gxh4 10. Ne5 Qxf6 11. Be2 Bb7 12. O-O Nd7 13. Ne4 Qf5 14. Nxd7 Kxd7 15. Bf3 Kc7 16. a4 Rg8 17. Kh1 h3 18.
Ng3 hxg2+ 19. Bxg2 Qg4 20. Bf3 Qf4 21. Qe2 Bd6 22.
Bg2 h5 23. Qxh5 Rh8 24. Qf3 Qxf3 25. Bxf3 Rh4 26. Rfd1 a6 27. axb5 axb5 28. Rxa8 Bxa8 29.
Kg2 Bb7 30. Re1 Rxd4 31. Ne4 Be7 32. Nc3 b4 33. Ne2 Rh4 34. Kg3 Rh6 35. h3 Bh4+ 36.
Kg2 Bf6 37. Rc1 Ba6 38. Rb1 Rh8 39. Ng3 Be5 40. Ne4 f5 41. Nc5 Bc8 42. Rc1 Rh4 43.
Be2 Bxb2 44. Rxc4 Rxc4 45. Bxc4 Kd6 46. Nd3 Bc3 47. h4 e5 48. h5 Be6 49. Bxe6 Kxe6 50. h6 Kf7 51. Nc5 Bd4 52. Nb3 c5 0-1

[Event "*** Titled Tuesday Blitz"]
[Site "Chess.com"]
[Date "2019.07.02"]
[Round "8"]
[White "1d4_1-0"]
[Black "JuliaEfremova"]
[Result "1-0"]
[WhiteElo "2230"]
[BlackElo "1992"]
[TimeControl "180+2"]
[EndTime "14:50:01 PDT"]
[Termination "1d4_1-0 won by resignation"]

1. d4 c6 2. c4 Qa5+ 3. Nc3 g5 4. Bd2 h6 5. h4 g4 6. e3 d6 7. Bd3 Bg7 8. Nge2 Nf6 9. Ng3 h5 10. Qc2 Na6 11. Nd5 Qd8 12. Nxf6+ Bxf6 13. a3 c5 14. d5 Bd7 15. Bc3 e6 16. Bg6 Bxc3+ 17. Qxc3 e5 18. Bxh5 Qf6 19. O-O-O O-O-O 20. Ne4 Qh6 21. Bxf7 Bf5 22.
Be6+ Bxe6 23. dxe6 Qxe6 24. Ng5 Qf5 25. Qd3 Qxd3 26.
Rxd3 Rd7 27. Ne4 Kc7 28. Nf6 Rf7 29. Nxg4 Nb8 30. h5 Nc6 31. f3 Nd8 32. Rdd1 Ne6 33. h6 Ng5 34. Rd2 Nh7 35. Rhd1 Rd8 36. Nxe5 Re7 37. Ng4 a6 38. Rd5 b5 39. b3 Kc6 40.
Kc2 Rdd7 41. e4 bxc4 42. bxc4 Nf8 43. e5 dxe5 44. Rxd7 Nxd7 45. Kd3 Nf8 46. Ke4 Ne6 47. Nxe5+ Kc7 48. Rd7+ Rxd7 49. Nxd7 Kxd7 50. Kd5 Ke7 51. h7 Nf4+ 52. Kxc5 Ng6 53. Kb6 Kd6 54. Kxa6 Kc5 55.
f4 Kxc4 56. f5 Nh8 57. g4 Kd5 58. g5 Ke5 59. g6 1-0

[Event "*** Titled Tuesday Blitz"]
[Site "Chess.com"]
[Date "2019.07.02"]
[Round "8"]
[White "IMRosen"]
[Black "Infernal_XaM"]
[Result "1-0"]
[WhiteElo "2614"]
[BlackElo "2858"]
[TimeControl "180+2"]
[EndTime "14:50:02 PDT"]
[Termination "IMRosen won by resignation"]

1. d4 e6 2. Bf4 Nf6 3. e3 c5 4. Nf3 Nc6 5. Nc3 Nh5 6. d5 Nxf4 7. exf4 Nb4 8. Bc4 Bd6 9. a3 Na6 10. dxe6 dxe6 11. Bb5+ Ke7 12. Qe2 Bxf4 13. Rd1 Qa5 14.
b4 cxb4 15. Nd5+ Kf8 16. Nxf4 b3+ 17. Qd2 Qxd2+ 18. Rxd2 bxc2 19. Ke2 Ke7 20. Rc1 b6 21.
Rcxc2 Nc5 22. Ne5 Kf6 23. Nfd3 Nb3 24. Rc7 Rf8 25. Bc6 Nd4+ 26. Kd1 Nxc6 27. Rxc6 g5 28. g3 Kg7 29. Rc7 Ba6 30. Nb4 Bb5 31. Nbc6 Bxc6 32.
Nxc6 Rac8 33. Rdd7 Rxc7 34. Rxc7 a6 35. Ke2 Kf6 36.
Ke3 Ra8 37. Rb7 b5 38. f4 gxf4+ 39. gxf4 Rf8 40. Ne5 Kg7 41. Ra7 h5 42. Rxa6 f6 43. Ra7+ Kh6 44. Nf3 Rc8 45. Nd4 Rc3+ 46. Ke4 Rc4 47. Kd3 Rc1 48. Nxe6 Rh1 49. Ke4 Rxh2 50. Kf5 Re2 51. Ra8 Kh7 52. Kxf6 1-0

[Event "*** Titled Tuesday Blitz"]
[Site "Chess.com"]
[Date "2019.07.02"]
[Round "8"]
[White "GMHess"]
[Black "Rish_97"]
[Result "0-1"]
[WhiteElo "2717"]
[BlackElo "2562"]
[TimeControl "180+2"]
[EndTime "14:50:05 PDT"]
[Termination "Rish_97 won by resignation"]

1. b3 Nf6 2. Bb2 g6 3. Bxf6 exf6 4. c4 f5 5. Nc3 Bg7 6. g3 a5 7. Rc1 Na6 8. Bg2 O-O 9. Nf3 Nc5 10. O-O d6 11. Qc2 Re8 12. Rfd1 c6 13. e3 h5 14.
h4 Ne4 15. Nxe4 fxe4 16. Ng5 Bf5 17. Nxe4 d5 18. d3 dxe4 19. dxe4 Bd7 20. f4 Qe7 21. e5 Bg4 22. Rd6 Rad8 23. c5 Qc7 24. Qc4 Be6 25.
Qc3 Bf8 26. Rcd1 Bxd6 27. exd6 Qd7 28. e4 Bh3 29. e5 Bxg2 30. Kxg2 Qf5 31. Re1 Re6 32.
Qxa5 Qc2+ 33. Kf3 Ree8 34. Re2 Qd3+ 35. Kf2 Qd4+ 36. Kf1 Ra8 37. Qb6 Qa1+ 38. Kf2 Reb8 39. a4 Qd4+ 40. Kf1 Qd1+ 41. Kf2 Re8 42. Qc7 Qd4+ 43.
Kg2 Qd5+ 44. Kh2 Qxb3 45. d7 Red8 46. e6 fxe6 47. Qe5 Qd5 48. Qf6 Qf5 49. Qe7 Qf7 50.
Rxe6 Qxe7 51. Rxe7 Kf8 52. Rh7 Rxa4 0-1

[Event "*** Titled Tuesday Blitz"]
[Site "Chess.com"]
[Date "2019.07.02"]
[Round "8"]
[White "Philosopherrr"]
[Black "JonahWillow"]
[Result "0-1"]
[WhiteElo "2522"]
[BlackElo "2705"]
[TimeControl "180+2"]
[EndTime "14:50:07 PDT"]
[Termination "JonahWillow won by checkmate"]

1. Nf3 c5 2. g3 Nc6 3. Bg2 g6 4. O-O Bh6 5. d3 Bg7 6. e4 d6 7.
Nc3 Nf6 8. Ne2 O-O 9. h3 e5 10. a4 Nh5 11. c3 f5 12. exf5 gxf5 13. d4 e4 14. Qb3+ c4 15. Qxc4+ d5 16. Qb3 exf3 17. Bxf3 Nf6 18. Bg5 Be6 19. Nf4 Bf7 20. Qxb7 Na5 21.
Qa6 Nc4 22. Rfe1 Nd2 23. Bg2 Nde4 24. Ne6 Bxe6 25. Qxe6+ Kh8 26. Qxf5 Nxg5 27. Qxg5 Qd7 28. Re5 Rae8 29. Rae1 Ne4 30. Bxe4 Bxe5 31. Bd3 Bf6 32. Rxe8 Bxg5 33. Rxf8+ Kg7 34. Rf5 h6 35. h4 Bf6 36.
Kg2 a5 37. Bc2 Qb7 38. b3 Qc6 39. Bd1 Qxc3 40. Rxd5 Bxd4 41. Rf5 Bf6 42. Bh5 Qxb3 43. Rxa5 Qb7+ 44. Bf3 Qb4 45. Ra7+ Be7 46. a5 Kf6 47. a6 Bc5 48. Rb7 Qd2 49. a7 Qxf2+ 50. Kh3 Bxa7 51.
Bd5 Qf1+ 52. Bg2 Qf5+ 53. Kh2 Qc5 54. Rh7 Qe3 55. Rd7 Bb8 56. Rb7 Qxg3+ 57. Kg1 Qe1+ 58. Bf1 Qe3+ 59. Kg2 Qg3+ 60. Kh1 Qh2# 0-1

[Event "*** Titled Tuesday Blitz"]
[Site "Chess.com"]
[Date "2019.07.02"]
[Round "8"]
[White "NemtsevIgor"]
[Black "XiaoKangZhong"]
[Result "0-1"]
[WhiteElo "2293"]
[BlackElo "2251"]
[TimeControl "180+2"]
[EndTime "14:50:07 PDT"]
[Termination "XiaoKangZhong won by resignation"]

1. d4 Nf6 2. Bf4 g6 3. e3 Bg7 4. Nf3 O-O 5. Be2 d6 6. O-O Nfd7 7. Nc3 Qe8 8. Nd5 Qd8 9. c4 e6 10. Nc3 e5 11. Bg5 f6 12. Bh4 g5 13. Bg3 h5 14. h4 g4 15. Nd2 f5 16. dxe5 dxe5 17.
c5 f4 18. exf4 exf4 19. Bc4+ Kh8 20. Nde4 fxg3 21. fxg3 Ne5 22. Rxf8+ Qxf8 23. Qe2 Nxc4 24. Qxc4 Nc6 25. Ng5 Bd4+ 26. Kh2 Qg8 27. Nd5 Be6 28. Nxe6 Qxe6 29. Rd1 Qe5 30. Nf4 Kg7 31. Qb5 Rb8 32. Qb3 Kh7 33. Qd3+ Kg8 34. Qg6+ Qg7 35. Qe6+ Qf7 36.
Qh6 Ne7 37. Nxh5 Nf5 38. Qg5+ Bg7 39. Rf1 Rf8 40. Qxg4 Nh6 41. Rxf7 Nxg4+ 42. Kh3 Rxf7 43. Kxg4 Bh6 44. Kh3 Rf5 45. g4 Rxc5 46. Nf6+ Kf7 47. g5 Rc2 48. Ne4 Bg7 49. h5 Rxb2 50. h6 Be5 51. Nc5 Rxa2 52. Nd3 Ra3 53. Kg4 Rxd3 54.
Kf5 Bc3 55. g6+ Kg8 56. h7+ Kg7 57. g4 Rd5+ 58. Ke6 Re5+ 59. Kd7 a5 60. Kxc7 a4 61.
Kxb7 a3 0-1

[Event "*** Titled Tuesday Blitz"]
[Site "Chess.com"]
[Date "2019.07.02"]
[Round "8"]
[White "volcanoexplorer"]
[Black "dolynachess"]
[Result "0-1"]
[WhiteElo "2516"]
[BlackElo "2469"]
[TimeControl "180+2"]
[EndTime "14:50:09 PDT"]
[Termination "dolynachess won by resignation"]

1. e4 d5 2. exd5 Qxd5 3. Nc3 Qd8 4. Nf3 Bg4 5. Be2 Nf6 6. d4 e6 7. h3 Bxf3 8. Bxf3 c6 9. O-O Be7 10. Bf4 O-O 11. Ne2 Nd5 12. Bh2 Bd6 13. c4 Bxh2+ 14.
Kxh2 Nf6 15. Qc2 Nbd7 16. Rad1 Qc7+ 17. g3 a5 18. Kg2 Rfd8 19. Nc3 Nf8 20. Rfe1 Rd7 21.
Qb3 Rad8 22. d5 exd5 23. cxd5 cxd5 24. Nxd5 Nxd5 25. Rxd5 Rxd5 26. Bxd5 b6 27. Rd1 Rd7 28. Rd3 g6 29. Rf3 Kg7 30. Bc4 f6 31. h4 Rd6 32.
Re3 Rd7 33. Bb5 Re7 34. Rc3 Qd6 35. Rc6 Qd4 36. Qc3 Qxc3 37. bxc3 Re6 38. Rc7+ Kh6 39.
Bc4 Re8 40. f4 f5 41. Kf3 Ne6 42. Rc6 Nc5 43. Rxb6 Ne4 44. Bf7 Re7 45. Bc4 Nd2+ 46. Kg2 Nxc4 47. Rc6 Re4 48. Rc5 a4 49. Rc7 Na3 50. Kf2 Rc4 51. Ra7 Nb5 52. Ra5 Nxc3 53. Ke3 Nxa2 54. Kf3 Rc3+ 55. Kf2 a3 56. Ke2 Nb4 57. Kd1 Rxg3 58. Kc1 a2 59. Kb2 Rg1 60. Ra4 Rb1+ 61. Kc3 a1=Q+ 62. Rxa1 Rxa1 0-1

[Event "*** Titled Tuesday Blitz"]
[Site "Chess.com"]
[Date "2019.07.02"]
[Round "8"]
[White "Kawhi_Leonard2"]
[Black "Vamostodorecto"]
[Result "1-0"]
[WhiteElo "2328"]
[BlackElo "2384"]
[TimeControl "180+2"]
[EndTime "14:50:12 PDT"]
[Termination "Kawhi_Leonard2 won by checkmate"]

1. e4 e5 2. Nf3 Nc6 3. Bb5 a6 4. Bxc6 bxc6 5. O-O d6 6. d4 exd4 7. Nxd4 c5 8. Nc6 Qd7 9. Na5 Be7 10. Nc3 Nf6 11. Bf4 Rb8 12. b3 O-O 13. e5 Ne8 14.
Nd5 Bd8 15. exd6 cxd6 16. Nc4 Bb7 17. Re1 Qc6 18. Nce3 Nf6 19. c4 Ba5 20. Nxf6+ gxf6 21. Bh6 Kh8 22. Bxf8 Rxf8 23. Re2 Rg8 24. Nd5 Bc3 25. Rc1 Bd4 26. Qd3 Qd7 27. Qf3 Rg6 28. Rce1 a5 29. Re7 Qc6 30. Rxf7 Be5 31. Qh3 h6 32. Qd7 Qxd7 33.
Rxd7 Bc6 34. Ra7 a4 35. g3 axb3 36. axb3 Rg4 37. f4 Bd4+ 38. Kg2 Rg7 39. Rxg7 Kxg7 40. Re7+ Kg6 41. Rc7 Ba8 42. Rd7 Kf5 43. Rxd6 Ke4 44. Nxf6+ Kd3+ 45. Nd5 Kc2 46. Rb6 Bc3 47. Kf2 Ba5 48.
Rb5 Bxd5 49. cxd5 Bb4 50. d6 Kxb3 51. d7 Ka4 52. Rxb4+ cxb4 53. d8=Q b3 54. Qa8+ Kb4 55.
Ke2 Kc3 56. Qc6+ Kb2 57. Kd2 h5 58. Qc3+ Ka2 59. Kc1 h4 60. Qb2# 1-0

[Event "*** Titled Tuesday Blitz"]
[Site "Chess.com"]
[Date "2019.07.02"]
[Round "8"]
[White "KaterynaLagno"]
[Black "Kirill_Klukin"]
[Result "1-0"]
[WhiteElo "2665"]
[BlackElo "2640"]
[TimeControl "180+2"]
[EndTime "14:50:13 PDT"]
[Termination "KaterynaLagno won by resignation"]

1. e4 c5 2. Nf3 Nc6 3. d4 cxd4 4. Nxd4 e5 5. Nb5 d6 6. N1c3 a6 7. Na3 Be7 8. Nc4 b5 9. Ne3 Nf6 10. g3 h5 11. Bg2 h4 12. O-O h3 13. Bh1 Be6 14.
Ncd5 Rc8 15. c3 Nb8 16. a4 Nbd7 17. axb5 axb5 18. Qd3 Rb8 19. b4 O-O 20. Rd1 Bxd5 21. Nxd5 Nxd5 22. Qxd5 Qc7 23. Qd3 Rfc8 24. Bd2 Nb6 25.
Bf3 Qc4 26. Be1 Ra8 27. Qe3 Rxa1 28. Rxa1 Na4 29. Bg4 Rc7 30. Ra3 d5 31. Bxh3 d4 32. cxd4 Bxb4 33. Bf1 exd4 34. Qf4 Qc5 35. Bxb4 Qxb4 36.
Rxa4 bxa4 37. Qxc7 a3 38. Qc8+ Kh7 39. Qc4 Qd2 40.
Qxf7 a2 41. Qh5+ Qh6 42. Qa5 Qe6 43. e5 Qb3 44. e6 Qxe6 45. Bd3+ Kg8 46. Kg2 Qb3 47.
Qa6 a1=Q 48. Bc4+ Qxc4 49. Qxc4+ Kf8 50. Qc5+ Kf7 51. Qd5+ Kf8 52. h4 Qd1 53. Qf3+ Qxf3+ 54. Kxf3 1-0

[Event "*** Titled Tuesday Blitz"]
[Site "Chess.com"]
[Date "2019.07.02"]
[Round "8"]
[White "DryCounty"]
[Black "FelixBlohberger"]
[Result "0-1"]
[WhiteElo "2692"]
[BlackElo "2546"]
[TimeControl "180+2"]
[EndTime "14:50:16 PDT"]
[Termination "FelixBlohberger won by resignation"]

1. d4 Nf6 2. c4 e6 3. Nc3 Bb4 4. e3 b6 5. Ne2 Ne4 6. Qc2 Bb7 7.
a3 Bxc3+ 8. Nxc3 Nxc3 9. Qxc3 Qh4 10. Bd2 d6 11. Bd3 Nd7 12. O-O-O Bxg2 13. Rhg1 Bf3 14. Rdf1 O-O 15. Rg3 Bh5 16. f4 f5 17. e4 Bg6 18.
Rfg1 Nf6 19. exf5 exf5 20. d5 Ne4 21. Bxe4 fxe4 22. Rg5 Qxh2 23. Be3 Qh3 24. Qd4 Qd7 25.
Bd2 Rae8 26. R1g3 Re7 27. Bc3 Rf5 28. Qe3 Ref7 29. Rxf5 Qxf5 30. Bd2 Qh5 31. b3 a5 32.
a4 h6 33. Kb2 Kh7 34. Rh3 Qg4 35.
Rg3 Qh5 36. Rh3 Qd1 37. Rg3 Qf1 38. Bc3 Qd3 39. Bd2 Qxe3 40. Bxe3 Bf5 41. Kc3 g6 42. Kd4 Kg7 43. Bd2 Rf8 44. Ke3 Kh7 45. Kd4 Rg8 46. Be3 h5 47. Bf2 h4 48. Rg5 h3 49. Bg1 Kg7 50. Bh2 Rh8 51. Ke3 Rh4 52. Rg1 Kf6 53.
Kf2 Rg4 54. Rxg4 Bxg4 55. Ke3 Kf5 56. Kf2 Bd1 57. Ke3 Bxb3 58. Kd4 Bxa4 0-1

[Event "*** Titled Tuesday Blitz"]
[Site "Chess.com"]
[Date "2019.07.02"]
[Round "8"]
[White "Bagirova"]
[Black "Siniauski"]
[Result "1-0"]
[WhiteElo "1922"]
[BlackElo "2406"]
[TimeControl "180+2"]
[EndTime "14:50:21 PDT"]
[Termination "Bagirova won on time"]

1. e4 e6 2. d4 d5 3. Nd2 dxe4 4.
Nxe4 Nd7 5. Nf3 Ngf6 6. Ng3 b6 7. Bc4 Bb7 8. O-O Bd6 9. Re1 O-O 10. c3 Rc8 11. Ne5 c5 12. Nxf7 Rxf7 13. Bxe6 Nf8 14.
Bxf7+ Kxf7 15. Nh5 cxd4 16. Nxf6 Qxf6 17. cxd4 Bd5 18. Qg4 Be6 19. Qe4 Re8 20. d5 Bd7 21. Bg5 Rxe4 22. Bxf6 Rxe1+ 23. Rxe1 gxf6 24. g3 Be5 25.
b3 Bd4 26. Kg2 Bf5 27. f4 Nd7 28. Kf3 Nc5 29. g4 Be4+ 30. Kg3 Bxd5 31. Rd1 Ne6 32. f5 Be5+ 33. Kf2 Nc7 34. h4 Ke7 35. g5 Kd6 36. g6 hxg6 37. fxg6 f5 38. h5 Bg7 39.
Kg3 Ke7 40. Kf4 Kf6 41. Rc1 Ne6+ 42. Kg3 f4+ 43. Kg4 f3 44. Rd1 Be4 45. Rf1 Nd4 46. Kf4 Bb7 47. Rd1 Nf5 48. Rd7 Bh6+ 49. Kg4 f2 50. Rf7+ Ke6 51. Rxf5 Be3 52. g7 1-0

[Event "*** Titled Tuesday Blitz"]
[Site "Chess.com"]
[Date "2019.07.02"]
[Round "8"]
[White "TregubovP"]
[Black "tigra"]
[Result "1/2-1/2"]
[WhiteElo "2547"]
[BlackElo "2725"]
[TimeControl "180+2"]
[EndTime "14:50:26 PDT"]
[Termination "Game drawn by repetition"]

1. d4 Nf6 2. c4 g6 3. g3 Bg7 4. Bg2 d5 5. cxd5 Nxd5 6. e4 Nb6 7. Ne2 c5 8. d5 e6 9. O-O exd5 10. exd5 O-O 11. Nbc3 Na6 12. Bf4 g5 13. Bd2 Nc4 14. b3 Nxd2 15. Qxd2 Rb8 16. Rad1 b5 17. d6 Be6 18.
Nd5 Bxd5 19. Qxd5 Re8 20. Rfe1 Re5 21. Qd2 Rb6 22. d7 Nb8 23. Nc3 Rxe1+ 24. Qxe1 Re6 25.
Qd2 Qxd7 26. Qxd7 Nxd7 27. Bh3 Ra6 28. Nxb5 Ne5 29. Rd8+ Bf8 30. a4 c4 31. bxc4 Rxa4 32.
Bf1 Kg7 33. Rc8 a6 34. Nd4 Ba3 35. f4 Bb2 36. Nf5+ Kf6 37. Ne3 Bd4 38. fxe5+ Kg7 39. Kf2 Ra3 40. Ke2 Rxe3+ 41. Kd2 Rxe5 42. Kd3 Bc5 43.
Bg2 a5 44. Bd5 Bg1 45. Rc7 Bxh2 46. Rxf7+ Kg6 47. Ra7 h5 48. Ra6+ Kg7 49. Rxa5 Bxg3 50. Ra7+ Kf6 51. Rf7+ Kg6 52. Rd7 g4 53. c5 h4 54. c6 h3 55. Be4+ Kg5 56. Rg7+ Kf4 57. Rf7+ Kg5 58. Rg7+ Kh5 59. Rh7+ Kg5 60. Rg7+ 1/2-1/2

[Event "*** Titled Tuesday Blitz"]
[Site "Chess.com"]
[Date "2019.07.02"]
[Round "8"]
[White "GeorgeTen"]
[Black "andrzej"]
[Result "1-0"]
[WhiteElo "2246"]
[BlackElo "2315"]
[TimeControl "180+2"]
[EndTime "14:50:27 PDT"]
[Termination "GeorgeTen won on time"]

1. d4 Nf6 2. c4 e6 3. Nf3 b6 4. a3 d5 5. cxd5 exd5 6. Nc3 Bd6 7.
Bg5 c6 8. e3 Bf5 9. Bd3 Bg6 10.
O-O Nbd7 11. Rc1 O-O 12. Bxg6 hxg6 13. Qd3 Be7 14. Rfd1 Nh5 15. Bxe7 Qxe7 16. Na4 Qe6 17. Rc2 Rfe8 18. Rdc1 Rac8 19. b4 Rc7 20. Nb2 Nhf6 21. Qb3 Ne4 22. Nd3 g5 23. Nd2 Nxd2 24. Rxd2 Nf6 25.
Rdc2 Ne4 26. b5 Rec8 27. bxc6 Rxc6 28. Ne5 Rxc2 29. Rxc2 Rxc2 30. Qxc2 f6 31. Nc6 Qd6 32. f3 Nd2 33. Nb4 Nc4 34. Qa4 Nxe3 35. Qe8+ Kh7 36.
Qxe3 a5 37. Nc2 Qc7 38. Qd3+ Kg8 39. Kf2 b5 40. Ne3 Qc6 41. Qf5 Qc3 42. Qxd5+ Kh8 43.
Qxb5 Qd2+ 44. Qe2 Qxd4 45. g3 Qc5 46. a4 Qd4 47. Qc2 Qb6 48. Ke2 Qd4 49. Qc8+ Kh7 50. Qf5+ Kh8 51. Qd3 Qb2+ 52. Qd2 Qb6 53. g4 Qa6+ 54.
Kf2 Qc6 55. Kg2 Qc7 56. Nf5 Qc6 57. Qd8+ Kh7 58. Qe7 Qc2+ 59. Kg3 1-0

[Event "*** Titled Tuesday Blitz"]
[Site "Chess.com"]
[Date "2019.07.02"]
[Round "8"]
[White "Bad4life"]
[Black "Galileo22"]
[Result "0-1"]
[WhiteElo "2352"]
[BlackElo "2394"]
[TimeControl "180+2"]
[EndTime "14:50:28 PDT"]
[Termination "Galileo22 won by resignation"]

1. Nf3 Nf6 2. b3 g6 3. Bb2 Bg7 4. g4 d6 5. g5 Nh5 6. Bxg7 Nxg7 7. h4 e5 8. c4 Nc6 9. Nc3 Bg4 10. Nh2 Be6 11.
Ne4 O-O 12. Nf6+ Kh8 13. e3 Ne8 14. Nhg4 Bxg4 15. Nxg4 h5 16. Nh6 f6 17. Bd3 Kg7 18. Rg1 f5 19. f4 exf4 20. exf4 d5 21. Qc2 dxc4 22. Bxc4 Qe7+ 23. Kf1 Rd8 24. Qc3+ Kh7 25. Re1 Qd6 26. Qf3 Nd4 27. Qe3 Rd7 28. Kg2 Ng7 29.
Kg3 Nc2 30. Qc3 Nxe1 31. Rxe1 c6 32. d3 b5 33. Bg8+ Rxg8 34. Nxg8 Kxg8 35. Re3 Kh7 36. b4 a6 37. a3 Qd4 38. Qe1 Rf7 39. Qe2 Rd7 40. Qe1 Kg8 41. Qe2 Kf7 42. Qa2+ Qd5 43. Qb2 Qd6 44. Qc3 Re7 45. Rf3 Ne8 46. Qh8 Ke6 47.
Qg8+ Kd7 48. Qb3 Nc7 49. a4 Nd5 50. axb5 axb5 51. Qa3 Ke8 52. Qa1 Kf7 53. Qh8 Ke6 54.
Rf2 Kd7 55. Qa8 Nc7 56. Qg8 Qxd3+ 57. Kg2 Qd5+ 58. Qxd5+ Nxd5 0-1

[Event "*** Titled Tuesday Blitz"]
[Site "Chess.com"]
[Date "2019.07.02"]
[Round "8"]
[White "Lunaticx"]
[Black "swisspower96"]
[Result "1-0"]
[WhiteElo "2886"]
[BlackElo "2735"]
[TimeControl "180+2"]
[EndTime "14:50:32 PDT"]
[Termination "Lunaticx won by resignation"]

1. d4 d5 2. Nf3 e6 3. g3 Nf6 4.
Bg2 b5 5. O-O Be7 6. a4 b4 7. c4 bxc3 8. Nxc3 O-O 9. Bf4 Na6 10.
Ne5 Nb4 11. a5 Ba6 12. Na4 c6 13. Qc1 Bxe2 14. Re1 Nd3 15. Nxd3 Bxd3 16. Qxc6 Qxa5 17. Nc3 Qb6 18. Bxd5 exd5 19. Qxb6 axb6 20. Rxa8 Rxa8 21. Rxe7 Ra1+ 22. Kg2 Bf1+ 23. Kf3 h6 24. Rb7 Ra6 25. Rc7 Bc4 26. Rb7 h5 27. Bc7 b5 28. h3 Rc6 29.
Be5 Bf1 30. Nxb5 Bxh3 31. Nd6 Bg4+ 32. Ke3 Be6 33. b4 Ng4+ 34. Kd2 f6 35. Bf4 Ra6 36. f3 Ra2+ 37. Kc3 Ra3+ 38. Kb2 Rxf3 39. b5 h4 40. gxh4 Rxf4 41. b6 Rxd4 42. Rb8+ Kh7 43. Kc3 Rd1 44.
b7 Rb1 45. Re8 Bf7 46. b8=Q Rxb8 47. Rxb8 Bg6 48. Kd4 Ne5 49. Kxd5 Nf3 50. Rb4 Kh6 51. Rf4 Kh5 52. Rxf3 Kxh4 53. Rf1 Bh5 54. Rg1 g5 55. Ke6 g4 56. Nf5+ Kg5 57. Ng3 Bg6 58. Rf1 f5 59.
Ke5 Kh4 60. Kf4 Kh3 61. Rh1+ Kg2 62. Rh6 1-0

[Event "*** Titled Tuesday Blitz"]
[Site "Chess.com"]
[Date "2019.07.02"]
[Round "8"]
[White "pr1105"]
[Black "Mazanchenko_Dmitry"]
[Result "1-0"]
[WhiteElo "2203"]
[BlackElo "2207"]
[TimeControl "180+2"]
[EndTime "14:50:34 PDT"]
[Termination "pr1105 won by checkmate"]

1. e4 c5 2. Nf3 d5 3. d4 dxe4 4. Bb5+ Nc6 5. Ne5 Bd7 6. Nxd7 Qxd7 7. d5 a6 8. Bxc6 bxc6 9. Nc3 cxd5 10. Nxd5 Rd8 11. c4 e6 12. Ne3 Qxd1+ 13. Nxd1 Nf6 14. O-O Be7 15. Nc3 Rd4 16. b3 Rd3 17. Bb2 e3 18. f3 Nh5 19. Rfd1 Rxd1+ 20. Rxd1 Bf6 21. g3 O-O 22. Kf1 Bd4 23. Ke2 Nf6 24. Na4 e5 25. Bc1 Nd7 26. Bxe3 f5 27. f4 Re8 28. Kf3 Bxe3 29.
Kxe3 exf4+ 30. Kxf4 Nf6 31. Nxc5 g6 32. Rd3 h6 33.
Kf3 g5 34. Nd7 g4+ 35. Kf4 Nh5+ 36. Kxf5 Re2 37. Kxg4 Ng7 38. Nf6+ Kf7 39. Nd5 Rxa2 40. Rf3+ Ke8 41. h4 Rb2 42. Re3+ Kd8 43. Re7 Ne8 44.
Rb7 Kc8 45. Rb6 a5 46. Kh5 Rg2 47. g4 Nc7 48. Rc6 Kb8 49. Rxc7 Rg3 50. Kxh6 Rxb3 51. g5 a4 52. Rc5 a3 53. Ra5 Rh3 54. h5 Kb7 55. g6 Rg3 56. g7 Kc6 57. Kh7 Rg5 58. g8=Q Rxh5+ 59. Kg6 Re5 60. Qc8+ Kd6 61. Qc7+ Ke6 62. Qe7# 1-0

[Event "*** Titled Tuesday Blitz"]
[Site "Chess.com"]
[Date "2019.07.02"]
[Round "8"]
[White "platy3"]
[Black "rasmussvane"]
[Result "1-0"]
[WhiteElo "2837"]
[BlackElo "2885"]
[TimeControl "180+2"]
[EndTime "14:50:39 PDT"]
[Termination "platy3 won by resignation"]

1. e4 c6 2. Nf3 d5 3. d3 dxe4 4. dxe4 Qxd1+ 5. Kxd1 Nd7 6. a4 a5 7. Nfd2 e5 8. Nc4 Bc5 9. f3 f6 10. Nbd2 Nh6 11. Nb3 Be7 12. Ncxa5 Nf7 13. Nc4 b5 14. axb5 Rxa1 15. Nxa1 cxb5 16. Ne3 Nd6 17. Nd5 Bb7 18.
Nxe7 Kxe7 19. c3 Nc5 20. Be3 Ra8 21. Nc2 Nb3 22. Na3 Bc6 23. Be2 Ke6 24. Bb6 Nc8 25. Kc2 Na5 26. Bc5 Nb7 27. Bb4 Ncd6 28. Rd1 Rc8 29. Kb1 Bd7 30. Rd2 g6 31. Bd1 Nc5 32.
Rd5 Ndb7 33. Be2 f5 34. Bxb5 Bxb5 35. Nxb5 fxe4 36. fxe4 Nxe4 37. Rd1 Nf6 38. Re1 Nd5 39. Nd4+ Kf6 40. Rf1+ Kg5 41. Ne6+ Kg4 42. Rf7 Nxb4 43. Rxb7 Nd3 44. Rxh7 Re8 45. Nc7 Rb8 46. b4 Rf8 47. Kc2 e4 48. Nd5 Rf2+ 49. Kb3 Rb2+ 50. Kc4 Kf5 51. Re7 Ne5+ 52. Kc5 Rd2 53. Ne3+ Kf4 54. Nd5+ Kf5 55. Ne3+ Kf4 56. Rxe5 Kxe3 57. b5 Kd3 58. b6 e3 59. b7 Rb2 60. Kc6 Rb3 61. c4 Kd4 62. Re8 Kxc4 63. b8=Q Rxb8 64. Rxb8 e2 65. Re8 Kd3 66. h4 1-0

[Event "*** Titled Tuesday Blitz"]
[Site "Chess.com"]
[Date "2019.07.02"]
[Round "8"]
[White "Warerman"]
[Black "Maili15"]
[Result "1-0"]
[WhiteElo "2463"]
[BlackElo "2262"]
[TimeControl "180+2"]
[EndTime "14:51:01 PDT"]
[Termination "Warerman won by resignation"]

1. d4 d5 2. c4 e6 3. Nc3 c6 4.
e3 Nf6 5. Nf3 Be7 6. Qc2 O-O 7.
Bd3 Nbd7 8. O-O dxc4 9. Bxc4 b5 10. Be2 Bb7 11. Rd1 a6 12. e4 Qc7 13. Bg5 Rfe8 14. e5 Nd5 15. Bxe7 Rxe7 16. Ne4 Rc8 17. Rac1 Nf8 18. Nd6 Ng6 19. Nxc8 Qxc8 20. Ng5 Qd8 21. Ne4 Ngf4 22. Bf3 a5 23. g3 Nb4 24. Qb1 Ng6 25.
a3 Nd5 26. Nd6 Ba8 27. h4 f6 28. h5 fxe5 29. hxg6 Qxd6 30. gxh7+ Kh8 31. dxe5 Qxe5 32. Bxd5 exd5 33. Re1 Qf6 34. Rxe7 Qxe7 35. Re1 Qf7 36. b4 a4 37. Qd3 Bb7 38. Re5 Bc8 39. Qe3 Bf5 40. Re7 Qf6 41. Re8+ Kxh7 42. Qf4 Qa1+ 43.
Kh2 Qf6 44. Qh4+ Qxh4+ 45. gxh4 d4 46. Rd8 d3 47. Kg3 Be4 48. Kf4 Bd5 49. Ke3 Bc4 50. Rd6 Kg8 51. Rxc6 Kf7 52. Rc7+ Kf6 53. Rc5 g6 54. f4 Ke6 55. Kd2 Kf6 56. Kc3 Ke6 57.
h5 gxh5 58. Rxh5 Kf6 59. Rc5 Ke6 60. Re5+ Kd6 61. Kd2 Kd7 62. Re3 Kd6 63. f5 Kd7 64.
f6 Kd6 65. Kc3 Kd7 66. Rxd3+ Bxd3 67. Kxd3 Ke6 68. Kd4 Kxf6 69. Kc5 Ke5 70. Kxb5 Kd5 71. Kxa4 1-0

[Event "*** Titled Tuesday Blitz"]
[Site "Chess.com"]
[Date "2019.07.02"]
[Round "8"]
[White "TonRicher"]
[Black "monalize"]
[Result "0-1"]
[WhiteElo "2393"]
[BlackElo "2332"]
[TimeControl "180+2"]
[EndTime "14:51:12 PDT"]
[Termination "monalize won by resignation"]

1. d4 Nf6 2. c4 d6 3. Nc3 e5 4. Nf3 e4 5. Ng5 Bf5 6. f3 exf3 7. exf3 Be7 8. Bd3 Bxd3 9. Qxd3 O-O 10. O-O Nbd7 11.
Nge4 Re8 12. Ng3 c6 13. Bf4 Bf8 14. Rfe1 Qa5 15. a3 Qa6 16. Qf1 d5 17. c5 Qxf1+ 18. Kxf1 b6 19. b4 a5 20. Bc7 axb4 21. axb4 b5 22. Rxe8 Rxa1+ 23. Re1 Rxe1+ 24. Kxe1 g6 25. Ke2 Bg7 26. Kd3 Ne8 27. Bf4 Nf8 28. Nge2 Ne6 29. Be3 N8c7 30. Nc1 Na6 31. N3a2 f5 32. Nb3 Kf7 33.
Na5 Nb8 34. g4 Ke7 35. h3 Kd7 36. Nc3 Na6 37. Na2 Nac7 38. Nb7 Bf6 39. Nd6 fxg4 40. hxg4 Be7 41. Nf7 Bf6 42. f4 Nd8 43. Ne5+ Ke6 44.
Nc3 Na6 45. Na2 g5 46. Nf3 gxf4 47. Bxf4 Kf7 48. Ke3 Ne6 49. Be5 Be7 50. Bg3 Bf6 51. Be5 Be7 52. Bh2 Bf6 53. Kd3 Kg6 54. Be5 Be7 55.
Bh8 Nd8 56. Ne5+ Kg5 57. Ke3 Nb8 58. Nc3 Ne6 59. Bg7 Nxg7 60. Nxc6 Nxc6 61. Nxd5 Ne6 62. Ke4 Bd8 63. Nc3 Nexd4 64. Kd5 Kxg4 65. Ne4 h5 66. Kd6 h4 67. Kd7 Bg5 68. Nc3 h3 69.
Nxb5 h2 70. Nxd4 Nxd4 71. b5 Nxb5 72. c6 h1=Q 0-1